 Dungeon Crawl Stone Soup version 0.30-a0-125-g51eefa89be (webtiles) character file.

Game seed: 1322155230173729956

16879 Pooter the Cleaver (level 12, -27/145 HPs)
             Began as a Minotaur Berserker on Sept 18, 2022.
             Was a Believer of Trog.
             Annihilated by an orc knight
             ... wielding a +1 battleaxe
              (30 damage)
             ... on level 2 of the Orcish Mines on Sept 19, 2022.
             The game lasted 01:11:58 (13699 turns).

Pooter the Cleaver (Minotaur Berserker)            Turns: 13699, Time: 01:11:58

Health: -27/145    AC:  2    Str: 30    XL:     12   Next: 13%
Magic:  11/11      EV:  8    Int:  4    God:    Trog [**....]
Gold:   796        SH:  0    Dex: 13    Spells: 11/11 levels left

rFire   + . .      SeeInvis +    a - +2 battleaxe (vamp)
rCold   + . .      Faith    .    (shield currently unavailable)
rNeg    + . .      Spirit   .    n - +2 plate armour {rF+}
rPois   .          Reflect  .    (helmet restricted)
rElec   .          Harm     .    (no cloak)
rCorr   .          Rampage  .    D - +2 pair of gloves of Lies {rC+ rN+ Slay+3}
Will    ++...                    (no boots)
Stlth   ..........               (no amulet)
HPRegen 1.34/turn                S - ring of see invisible
MPRegen 0.12/turn                q - +6 ring of strength

@: berserking, strong-willed, corroded, regenerating, very quick
A: horns 2, retaliatory headbutt, frail 1
a: Renounce Religion, Berserk, Trog's Hand


You were on level 2 of the Orcish Mines.
You worshipped Trog.
Trog was pleased with you.
You visited 2 branches of the dungeon, and saw 11 of its levels.
You also visited: Sewer.

You collected 1541 gold pieces.
You spent 745 gold pieces at shops.

Inventory:

Hand Weapons
 a - a +2 vampiric battleaxe (weapon)
   (You bought it in a shop on level 2 of the Dungeon)
 b - a +0 vorpal arbalest
   (You took it off an orc warrior on level 9 of the Dungeon)
 k - a +2 trident of venom
   (You took it off a gnoll sergeant on level 6 of the Dungeon)
 v - a +0 war axe
   (You found it on level 4 of the Dungeon)
 B - a +1 morningstar of flaming
   (You took it off Maggie on level 6 of the Dungeon)
Missiles
 l - 19 boomerangs (quivered)
 o - 5 poisoned darts
 Q - 84 stones
Armour
 n - a +2 plate armour of fire resistance (worn)
   (You took it off an orc warrior on level 2 of the Orcish Mines)
 D - the +2 pair of gloves of Lies (worn) {rC+ rN+ Slay+3}
   (You bought it in a shop on level 4 of the Dungeon)

   Slay:      It affects your accuracy & damage with ranged weapons and melee
   (+3).
   rC:        It protects you from cold.
   rN:        It protects you from negative energy.
Jewellery
 q - a +6 ring of strength (right hand)
   (You found it on level 9 of the Dungeon)
 S - a ring of see invisible (left hand)
   (You found it on level 5 of the Dungeon)
Wands
 d - a wand of iceblast (3)
   (You took it off Pikel on level 5 of the Dungeon)
 f - a wand of flame (15)
   (You found it on level 7 of the Dungeon)
 r - a wand of quicksilver (3)
   (You found it on level 8 of the Dungeon)
Scrolls
 g - 5 scrolls of noise {!r}
 j - a scroll of summoning
 p - a scroll of fear
 w - 2 scrolls of torment {!r}
 y - a scroll of immolation {!r}
 C - 2 scrolls of blinking
Potions
 c - 3 potions of lignification {unknown}
 e - a potion of might
 h - 7 potions of curing {@q1}
 i - a potion of invisibility {unknown}
 m - 3 potions of heal wounds {@q2}
 x - a potion of cancellation
 z - 2 potions of attraction {!q}
 A - 2 potions of flight
 G - a potion of haste {@q3}


   Skills:
 + Level 10.7 Fighting
 * Level 14.4 Axes
 * Level 11.8 Ranged Weapons
 - Level 7.0 Armour
 - Level 2.1 Dodging
 + Level 6.0 Evocations


You had 11 spell levels left.
You didn't know any spells.
Your spell library was empty.

Dungeon Overview and Level Annotations

Branches:
Dungeon (9/15)             Temple (0/1) D:4             Orc (2/2) D:9
    Elf (0/3) Orc:2         Sewer (visited)
   Lair: D:8-11

Altars:
Sif Muna
Xom
Yredelemnul

Shops:
D:2 (   D:4 [   Orc:1 !   Orc:2 !!


Innate Abilities, Weirdness & Mutations

You have a pair of horns on your head.
You reflexively headbutt those who attack you in melee.
You are frail. (-10% HP)


Message History

The orc knight hits you with a +1 battleaxe!!
The rust devil hits you. The rust devil corrodes you!
You miss the orc sorcerer.
You headbutt the orc sorcerer, but do no damage.
You closely miss the rust devil. You hit the orc knight.
You feel better.
The orc sorcerer gestures at you while chanting.
The bolt of negative energy hits you! You partially resist.
You feel drained. The orc knight barely misses you. The rust devil hits you!
The rust devil corrodes you!
You slash the orc sorcerer!
You feel better.
Your headbutt misses the orc sorcerer. You closely miss the orc knight.
You closely miss the rust devil.
The orc sorcerer hits you with a +0 dagger.
The orc knight hits you with a +1 battleaxe!
The rust devil barely misses you.
You hit the orc sorcerer but do no damage.
You barely miss the rust devil. You hit the orc knight.
You feel better.
The orc sorcerer hits you with a +0 dagger.
* * * LOW HITPOINT WARNING * * *
The orc knight hits you with a +1 battleaxe!
* * * LOW HITPOINT WARNING * * *
The rust devil hits you.
* * * LOW HITPOINT WARNING * * *
The rust devil corrodes you!
A red film seems to cover your vision as you go berserk!
You feel yourself moving faster!
You feel mighty! The orc sorcerer misses you.
The orc knight hits you with a +1 battleaxe!
* * * LOW HITPOINT WARNING * * *
The rust devil hits you.
* * * LOW HITPOINT WARNING * * *
The rust devil corrodes you!
You slash the orc sorcerer! You headbutt the orc sorcerer.
You kill the orc sorcerer!
Trog accepts your kill.
Trog appreciates your killing of a magic user.
The rust devil disappears in a puff of smoke!
You slash the orc knight!
You feel better.
The orc knight hits you with a +1 battleaxe!!
* * * LOW HITPOINT WARNING * * *
Your life force feels restored.
You slash the orc knight!
The orc knight hits you with a +1 battleaxe.
* * * LOW HITPOINT WARNING * * *
You hit the orc knight but do no damage.
You slash the orc knight!
You feel better.
The orc knight hits you with a +1 battleaxe!!
* * * LOW HITPOINT WARNING * * *
You completely miss the orc knight. Your headbutt misses the orc knight.
The orc knight hits you with a +1 battleaxe!!
You die...

.....###...##
##...###....... ....###...##
##...###...... ...###.#.##.
.##.#.###..... ..###.))##..#
#..##...###....
...###)#[##..#
#..##.#.###.)... ...#
##..)##..###..##...###......
...#
##.))##..#..##...###.......
...#
##.).##.).##...###........
#...#
##...#.#@#...###.........
##.##
##..).o)...###.......... #
## ##.#...#.###...........
### ##.....####...........
..# ##...## #............
.## ##.## ##.....)......
..### ### #.......))....
....# ##.#.....)....
...####### ##......#.#..


You could see an orc knight.

Vanquished Creatures
  Erolcha (Orc:2)
  A two-headed ogre (D:9)
  3 orc high priests (Orc:2)
  Pikel (D:5)
  4 orc knights (Orc:2)
  4 orc sorcerers (Orc:2)
  Maggie (D:6)
  2 ice devils (Orc:2)
  A troll (Orc:2)
  2 hornets (D:9)
  Prince Ribbit (D:6)
  Sigmund (D:2)
  A wraith (D:6)
  6 yaks
  2 steam dragons
  Menkaure (D:6)
  4 wargs
  Duvessa (D:4)
  2 water moccasins
  An acid dragon (D:9)
  29 orc warriors
  2 ice beasts
  A sky beast (D:7)
  A black bear (D:4)
  4 ogres
  A centaur (D:7)
  Blork the orc (D:6)
  A bullfrog (D:8)
  A gnoll sergeant (D:6)
  4 scorpions
  2 necrophages (D:5)
  8 wights
  Dowan (D:4)
  8 killer bees
  2 hounds
  27 orc priests
  3 jellies
  2 iguanas (D:5)
  8 orc wizards
  6 adders
  7 gnolls (D:6)
  A river rat (D:5)
  2 white imps
  2 ufetubi
  4 dart slugs
  52 orcs
  5 ball pythons
  4 endoplasms
  5 giant cockroaches
  6 goblins
  4 hobgoblins
  3 kobolds
  3 quokkas
  7 bats
  6 frilled lizards
  9 rats
272 creatures vanquished.

Notes
Turn   | Place    | Note
-------+----------+-------------------------------------------
     0 | D:1      | Pooter the Minotaur Berserker began the quest for the Orb.
     0 | D:1      | Reached XP level 1. HP: 19/19 MP: 0/0
   511 | D:1      | Reached skill level 4 in Axes
   520 | D:1      | Reached XP level 2. HP: 22/27 MP: 1/1
  1265 | D:2      | Noticed Sigmund
  1360 | D:2      | Identified the +1 hand axe of the Heavens {drain, rF- rN+
                  | rCorr}
  1377 | D:2      | Found Kiucrum's Antique Weapon Emporium.
  1436 | D:2      | Reached XP level 3. HP: 33/33 MP: 2/2
  1466 | D:2      | Found a faded altar of an unknown god.
  1683 | D:2      | Bought a battleaxe for 162 gold pieces
  1850 | D:2      | Killed Sigmund
  1851 | D:2      | Reached skill level 5 in Fighting
  1851 | D:2      | Reached skill level 6 in Axes
  1851 | D:2      | Reached XP level 4. HP: 42/42 MP: 3/3
  1851 | D:2      | Reached XP level 5. HP: 48/48 MP: 4/4
  2541 | D:3      | Reached ** piety under Trog
  2750 | D:4      | Reached XP level 6. HP: 56/56 MP: 5/5
  2772 | D:4      | Found a staircase to the Ecumenical Temple.
  2840 | D:4      | Reached skill level 7 in Axes
  2840 | D:4      | Reached skill level 1 in Ranged Weapons
  3176 | D:4      | Noticed Duvessa
  3182 | D:4      | Noticed Dowan
  3186 | D:4      | Killed Duvessa
  3188 | D:4      | Reached XP level 7. HP: 62/62 MP: 6/6
  3211 | D:4      | Killed Dowan
  3278 | D:4      | Found Boetogod's Antique Armour Boutique.
  3557 | D:5      | Entered Level 5 of the Dungeon
  3776 | D:5      | Found a glowing drain.
  3783 | Sewer    | Entered a sewer
  3819 | Sewer    | Reached skill level 8 in Axes
  4280 | D:5      | Reached XP level 8. HP: 71/71 MP: 7/7
  4285 | D:5      | Noticed Pikel
  4297 | D:5      | Killed Pikel
  4298 | D:5      | Reached skill level 9 in Axes
  4298 | D:5      | Reached skill level 5 in Ranged Weapons
  4298 | D:5      | Reached skill level 5 in Armour
  4853 | D:6      | Reached skill level 1 in Evocations
  4902 | D:6      | Noticed Maggie
  4914 | D:6      | Killed Maggie
  4915 | D:6      | Reached XP level 9. HP: 79/79 MP: 8/8
  5081 | D:6      | Noticed Prince Ribbit
  5095 | D:6      | Killed Prince Ribbit
  5190 | D:6      | Reached skill level 10 in Axes
  5348 | D:6      | Noticed Menkaure
  5356 | D:6      | Killed Menkaure
  5652 | D:6      | Noticed Blork the orc
  5661 | D:6      | Killed Blork the orc
  6073 | D:4      | Bought a pair of twisted gloves for 285 gold pieces
  6073 | D:4      | Identified the +2 pair of gloves of Lies {rC+ rN+ Slay+3}
                  | (You bought it in a shop on level 4 of the Dungeon)
  6587 | D:7      | Reached skill level 11 in Axes
  6723 | D:7      | Reached XP level 10. HP: 88/88 MP: 9/9
  8218 | D:8      | Found a basalt altar of Yredelemnul.
  8390 | D:8      | Found a shimmering blue altar of Sif Muna.
  8885 | D:9      | Reached skill level 12 in Axes
  8942 | D:9      | Noticed a two-headed ogre
  9001 | D:9      | Killed a two-headed ogre
  9319 | D:9      | Found a staircase to the Orcish Mines.
  9408 | D:9      | Found a shimmering altar of Xom.
  9430 | Orc:1    | Entered Level 1 of the Orcish Mines
  9722 | Orc:2    | Entered Level 2 of the Orcish Mines
  9733 | Orc:2    | Noticed Erolcha
  9744 | Orc:2    | Killed Erolcha
  9745 | Orc:2    | Reached XP level 11. HP: 97/97 MP: 10/10
  9814 | Orc:2    | Found a shimmering altar of Xom.
  9836 | Orc:1    | Noticed an orc knight
  9887 | Orc:2    | Killed an orc knight
  9888 | Orc:2    | Reached skill level 10 in Ranged Weapons
  9934 | Orc:1    | Found Jeuverei's Distillery.
  9953 | Orc:1    | Bought a potion of attraction for 33 gold pieces
  9953 | Orc:1    | Bought a potion of curing for 33 gold pieces
  9953 | Orc:1    | Bought a potion of flight for 33 gold pieces
  9953 | Orc:1    | Bought a potion of curing for 33 gold pieces
  9953 | Orc:1    | Bought a potion of cancellation for 88 gold pieces
  9953 | Orc:1    | Bought 2 potions of curing for 66 gold pieces
 10104 | Orc:2    | Found a staircase to the Elven Halls.
 10713 | Orc:2    | Reached skill level 13 in Axes
 11268 | Orc:2    | Reached *** piety under Trog
 11285 | Orc:2    | Reached skill level 5 in Evocations
 11492 | Orc:2    | Noticed an orc knight
 11550 | Orc:2    | Killed an orc knight
 11965 | Orc:2    | Found Wekoc's Distillery.
 11969 | Orc:2    | Reached skill level 10 in Fighting
 12066 | Orc:2    | Found Xofereg's Distillery.
 12080 | Orc:2    | Bought a potion of degeneration for 12 gold pieces
 12106 | Orc:2    | Noticed an orc high priest
 12106 | Orc:2    | Noticed an orc high priest
 12109 | Orc:2    | Noticed an orc sorcerer
 13316 | Orc:2    | Noticed an orc knight
 13318 | Orc:2    | Noticed a sixfirhy
 13319 | Orc:2    | Killed an orc sorcerer
 13319 | Orc:2    | Gained mutation: You are frail. (-10% HP) [a neqoxec]
 13325 | Orc:2    | Killed an orc high priest
 13333 | Orc:2    | Killed an orc knight
 13357 | Orc:2    | Noticed an orc sorcerer
 13366 | Orc:2    | Killed an orc sorcerer
 13369 | Orc:2    | Reached skill level 14 in Axes
 13394 | Orc:2    | Noticed an orc high priest
 13402 | Orc:2    | Killed an orc high priest
 13420 | Orc:2    | Noticed an orc knight
 13435 | Orc:2    | Killed an orc knight
 13436 | Orc:2    | Reached XP level 12. HP: 96/96 MP: 11/11
 13528 | Orc:2    | Killed an orc high priest
 13698 | Orc:2    | HP: 2/145 [orc knight/+1 battleaxe (23)]
 13699 | Orc:2    | Annihilated by an orc knight

Illustrated notes

Levels and vault maps discovered:
D:1:      heliophobic_arrival_dark_side_of_the_moon, layout_rooms,
          minmay_tromino_v2
D:2:      layout_loops_corners, hellmonk_ecumenical_altar_leap_of_faith,
          serial_shops, nicolae_square_shop, uniq_sigmund
D:3:      layout_loops_ring, wander_ebering_terrifying_dragon_lair
D:4:      layout_loops_ring, minmay_temple_entry_overgrown, serial_shops,
          nicolae_shop_trees, uniq_duvessa
D:5:      layout_loops_ring, portal_sewer_entry_e, grunt_decor_junction,
          uniq_pikel
D:6:      layout_gridville, minmay_tree_intersection, minmay_misc_feat_pillars,
          uniq_blork_the_orc, uniq_maggie, uniq_menkaure, uniq_prince_ribbit1
D:7:      layout_basic
D:8:      layout_basic, nicolae_sif_muna_little_library,
          mainiacjoe_overflow_concentric_impassable
D:9:      minmay_tri_box, layout_irregular_city, grunt_temple_overflow_open,
          david_orc_3, kennysheep_decorative_pillar, nicolae_two_hexagons,
          st_stairs_5
Orc:1:    layout_caves, serial_shops, shop_statue, nicolae_orc_lost_temple
Orc:2:    pf_orc_diabolical, layout_diamond_mine, basic_altar, uniq_erolcha

Skill      XL: |  1  2  3  4  5  6  7  8  9 10 11 12 |
---------------+-------------------------------------+-----
Axes           | 4 6 7 8 9 11 12 14 | 14.4
Fighting       | 4 5 6 7 8 9 10 | 10.7
Ranged Weapons | 2 4 6 7 9 11 | 11.8
Armour         | 3 4 5 6 7 |  7.0
Evocations     | 1 3 4 5 6 |  6.0
Dodging        | |  2.1

Action                   |  1- 3 |  4- 6 |  7- 9 | 10-12 || total
-------------------------+-------+-------+-------+-------++-------
Melee: Hand axe          |    38 |       |       |       ||    38
       Headbutt          |     3 |     5 |    29 |    44 ||    81
       Battleaxe         |     9 |    39 |   155 |   191 ||   394
 Fire: Sling             |       |    17 |    28 |       ||    45
       Shortbow          |       |       |    15 |    17 ||    32
       Arbalest          |       |       |       |   126 ||   126
Throw: Stone             |     2 |       |       |       ||     2
       Boomerang         |       |       |    10 |    13 ||    23
Invok: Berserk           |     4 |     1 |    11 |    12 ||    28
       Trog's Hand       |       |       |     9 |    23 ||    32
Evoke: Wand              |       |       |     4 |    10 ||    14
  Use: Scroll            |     2 |     5 |     6 |    12 ||    25
       Potion            |       |       |     2 |     1 ||     3
Armor: Animal skin       |     2 |       |       |       ||     2
       Ring mail         |    10 |       |       |       ||    10
       Chain mail        |     2 |     7 |       |       ||     9
       Plate armour      |       |    22 |   127 |   169 ||   318
Dodge: Dodged            |    30 |    19 |    71 |   122 ||   242

Table legend: (Time is in decaauts)
 A = Elapsed time spent in this place.
 B = Non-inter-level travel time spent in this place.
 C = Inter-level travel time spent in this place.
 D = Time resting spent in this place.
 E = Time spent auto-exploring this place.
 F = Levels seen in this place.
 G = Mean time per level.
                   A        B        C        D        E       F      G
               +--------+--------+--------+--------+--------+-----+--------+
         Total |  14121 |  13801 |    320 |   5246 |   5679 |  12 | 1176.8 |
       Dungeon |   9503 |   9183 |    320 |   2625 |   5183 |   9 | 1055.9 |
  Orcish Mines |   4402 |   4402 |      0 |   2620 |    327 |   2 | 2201.0 |
         Sewer |    215 |    215 |      0 |      0 |    169 |   1 |  215.0 |
               +--------+--------+--------+--------+--------+-----+--------+

Top non-repeatable levels by time:
   Orc:2: 3955 daAuts
     D:6: 1542 daAuts
     D:7: 1438 daAuts
     D:8: 1104 daAuts
     D:5: 1103 daAuts
     D:1: 1086 daAuts
     D:2: 970 daAuts
     D:4: 877 daAuts
     D:3: 741 daAuts
     D:9: 639 daAuts
   Orc:1: 447 daAuts
   Sewer: 215 daAuts
